[Event "Early-Titled-Tuesday-Blitz-March-05-2024"]
[Site "Chess.com"]
[Date "2024.03.05"]
[Round "5"]
[White "verrbaa"]
[Black "Meri-Arabidze"]
[Result "1-0"]
[WhiteElo "2523"]
[BlackElo "2694"]
[TimeControl "180+1"]
[EndTime "8:59:50 PST"]
[Termination "verrbaa won on time"]

1. e4 c5 2. Nf3 e6 3. d4 cxd4 4.
Nxd4 Nc6 5. Nc3 a6 6. Nxc6 bxc6 7. Qf3 d5 8. Qg3 Nf6 9. e5 Nd7 10. Be2 Qc7 11. Bf4 h6 12. h4 g6 13. Bd3 Bg7 14. Bxg6 Bxe5 15. Bxe5 Qxe5+ 16. Qxe5 Nxe5 17. Bh5 Rg8 18. g3 c5 19. O-O-O Bb7 20. Rhe1 Ng6 21. Nxd5 Bxd5 22.
Rxd5 Rc8 23. Rd6 a5 24. Ra6 Ke7 25. Ra7+ Kf6 26. Rxa5 Ne5 27. Ra7 Rg7 28. a4 Nc6 29. Rb7 Nd4 30. Re3 c4 31. Rd7 Nf5 32. Re4 e5 33. c3 Ke6 34. Ra7 Nd6 35. Re2 Rgg8 36. Ra6 f5 37. Bf7+ Kxf7 38. Rxd6 e4 39. Rxh6 Ra8 40.
Rd2 Ke7 41. Rd4 Rxa4 42. Rc6 Rb8 43. Rcxc4 Ra1+ 44. Kc2 Rf1 45. Rd2 Ra8 46. Rc6 Raa1 47. h5 Rac1+ 48. Kb3 Rh1 49. h6 Rcf1 50. Kb4 Rh2 51. Rd5 Rfxf2 52. b3 Rf3 53. Rb5 Rd3 54. Rb7+ Rd7 55. Rxd7+ Kxd7 56. Rf6 e3 57. Rxf5 Kd6 58. Rf4 Ke5 59. Rf8 Ke4 60. Re8+ Kd3 61. c4 Rxh6 62. c5 e2 63. Kb5 Rh3 64. c6 Rxg3 65. c7 Rg5+ 66.
Kb6 Rg6+ 67. Kb5 Rg5+ 68. Kb6 Rg6+ 69. Kb7 Rg7 70. Kb8 Rg8 71. Rxg8 e1=Q 72. c8=Q Qb4+ 73. Qb7 Qf4+ 74. Kc8 Qf5+ 75. Qd7+ 1-0

[Event "Early-Titled-Tuesday-Blitz-March-05-2024"]
[Site "Chess.com"]
[Date "2024.03.05"]
[Round "5"]
[White "erlesfar"]
[Black "bylavochka"]
[Result "0-1"]
[WhiteElo "2424"]
[BlackElo "2316"]
[TimeControl "180+1"]
[EndTime "8:59:50 PST"]
[Termination "bylavochka won by checkmate"]

1. e4 c5 2. Nf3 d6 3. d4 cxd4 4. Nxd4 Nf6 5. Nc3 g6 6. Be3 Bg7 7. f3 Nc6 8. Bc4 O-O 9. Qd2 Bd7 10. O-O-O Qa5 11. g4 Rfc8 12. Bb3 Ne5 13. Qe2 Rxc3 14. bxc3 Qxc3 15. Kb1 a5 16. a4 Qb4 17. Nb5 Bxb5 18. Qxb5 Qxb5 19. axb5 Nxf3 20. g5 Nxe4 21. Bd5 Nfxg5 22.
Bxb7 Rb8 23. Bc6 Nc3+ 24. Kc1 Ne6 25. b6 Nxd1 26. Rxd1 Nd8 27. Bf3 a4 28. Kb1 Nb7 29. Bxb7 Rxb7 30. Ka2 Bc3 31. Rd5 Kf8 32. Rb5 Ke8 33. Ka3 Kd7 34. Kxa4 Kc6 35. Rb3 Be5 36.
Rb4 d5 37. Rb5 Bd6 38. Ka5 e5 39. Ka6 d4 40. Bd2 Bc5 41. Rxc5+ Kxc5 42. Kxb7 e4 43. Kc7 e3 44. Bxe3 dxe3 45. b7 e2 46. b8=Q e1=Q 47. Qb6+ Kc4 48. Qb3+ Kd4 49. Qd3+ Ke5 50. Qd6+ Kf5 51.
Qc5+ Ke6 52. Qc6+ Ke7 53. Qc5+ Ke8 54. Qc6+ Kf8 55. Qc5+ Qe7+ 56. Qxe7+ Kxe7 57. Kb7 f5 58. c4 f4 59. c5 f3 60. c6 f2 61. c7 f1=Q 62.
c8=Q Qb1+ 63. Ka6 Qa2+ 64. Kb6 Qe6+ 65. Qxe6+ Kxe6 66. Kc5 Kf5 67. Kd4 Kg4 68. Ke3 Kh3 69. Kf2 Kxh2 70. Kf3 Kh3 71. Kf4 Kh4 72. Kf3 g5 73.
Kg2 g4 74. Kh2 Kg5 75. Kg2 h5 76. Kh2 h4 77. Kg2 Kf4 78. Kh2 Kf3 79. Kh1 g3 80. Kg1 g2 81. Kh2 Kf2 82. Kh3 g1=Q 83. Kxh4 Qg3+ 84.
Kh5 Kf3 85. Kh6 Kf4 86. Kh7 Kf5 87. Kh8 Kf6 88. Kh7 Qg7# 0-1

[Event "Early-Titled-Tuesday-Blitz-March-05-2024"]
[Site "Chess.com"]
[Date "2024.03.05"]
[Round "5"]
[White "Veganator13"]
[Black "LileKoridze"]
[Result "1/2-1/2"]
[WhiteElo "2305"]
[BlackElo "2428"]
[TimeControl "180+1"]
[EndTime "8:59:52 PST"]
[Termination "Game drawn - insufficient material"]

1. c4 e5 2. g3 Nf6 3. Bg2 Nc6 4. Nc3 Bb4 5. Nd5 O-O 6. a3 Bd6 7.
e3 b6 8. Ne2 Bb7 9. O-O a5 10. b3 Nxd5 11. cxd5 Ne7 12. Nc3 c6 13. dxc6 Bxc6 14. d4 Bxg2 15. Kxg2 Qc8 16. Bb2 Qb7+ 17. f3 exd4 18. Qxd4 Bc5 19. Qd3 d5 20. Rad1 Rfd8 21. Ne2 Qc8 22. b4 axb4 23. axb4 Bxb4 24.
Qd4 Nf5 25. Qxb4 Nxe3+ 26. Kh1 Nxf1 27. Qd4 f6 28. Rxf1 Qc2 29. Nf4 Ra2 30. Nd3 Qe2 31. Kg1 b5 32. Rf2 Qd1+ 33. Kg2 Ra4 34. Qb6 Raa8 35.
Nf4 Rab8 36. Qe6+ Kh8 37. Nh5 Rb7 38. Re2 h6 39. Nxf6 Rf8 40. Nh5 Rb6 41. Qe3 Rb7 42. Rd2 Qa4 43. Qxh6+ Kg8 44. Qe6+ Kh7 45. Nf4 Qb3 46.
Qxd5 Qxd5 47. Rxd5 b4 48. Rh5+ Kg8 49. Rg5 Rc8 50. Kh3 Rc2 51. Be5 b3 52. Ne6 b2 53.
Bxb2 Rcxb2 54. Kg4 R2b4+ 55. f4 R4b5 56. f5 Rb4+ 57. Nf4 Rb3 58. h4 Rb2 59. h5 Rh2 60.
Ne6 Rb4+ 61. Nf4 Rb7 62. f6 Kh7 63. Rg6 gxf6 64. Rxf6 Rg7+ 65. Rg6 Rxg6+ 66. Nxg6 Kg7 67. Nh4 Rb2 68. Nf5+ Kf6 69. Nh4 Rb4+ 70. Kh3 Kg5 71. h6 Kxh6 72. Ng2 Kg5 73. Nf4 Rxf4 74. gxf4+ Kxf4 1/2-1/2

[Event "Early-Titled-Tuesday-Blitz-March-05-2024"]
[Site "Chess.com"]
[Date "2024.03.05"]
[Round "5"]
[White "Chessmissile07"]
[Black "BogdanDeac"]
[Result "1-0"]
[WhiteElo "2918"]
[BlackElo "2994"]
[TimeControl "180+1"]
[EndTime "8:59:55 PST"]
[Termination "Chessmissile07 won by resignation"]

1. a3 e5 2. e4 Nf6 3. Nc3 d5 4. exd5 Nxd5 5. Qf3 Nf6 6. Bb5+ c6 7. Bc4 Be7 8. Nge2 O-O 9. h3 Qc7 10. d3 b5 11. Ba2 Nbd7 12. Bg5 a5 13. O-O Rb8 14. Ng3 Nc5 15. Bxf6 Bxf6 16. Nce4 Nxe4 17. dxe4 Bg5 18. Rad1 g6 19. Rd3 c5 20. Bd5 c4 21. Rdd1 b4 22. axb4 axb4 23. Ra1 Kg7 24. Qe2 c3 25. b3 Bd7 26. Bc4 Bf4 27. Ra6 Bc8 28. Ra4 Bd7 29. Ra6 Ra8 30. Rfa1 Rxa6 31. Rxa6 Bc6 32.
Bd5 Bxd5 33. exd5 Qc5 34. Qd3 Rd8 35. Ne4 Qxd5 36. Qxd5 Rxd5 37. g3 Rd1+ 38. Kg2 Bd2 39. Rb6 Rc1 40. Rxb4 Rxc2 41. Rc4 Rb2 42. Nxc3 Rxb3 43.
Ne4 Bb4 44. Rc7 h6 45. Rb7 Kf8 46. Nd6 f5 47. Nc4 e4 48. Ne5 Rb2 49. Nxg6+ Ke8 50. Ne5 e3 51. Nd3 e2 52. Kf3 Rd2 53. Rb8+ Ke7 54. Rxb4 Rxd3+ 55. Kxe2 Rd6 56. Rh4 Kf7 57. Kf3 Kg6 58. Kg2 Rb6 59. Rf4 h5 60. h4 Rc6 61.
Rd4 Rf6 62. Kf3 Rb6 63. Kf4 Ra6 64. Ke5 Ra2 65. Rd6+ Kg7 66. Kxf5 Rxf2+ 67. Kg5 Rf3 68. Rg6+ Kh7 69. Kxh5 Rf5+ 70. Rg5 Rf6 71. Kg4 Rb6 72.
Rc5 Rb4+ 73. Kg5 Rb7 74. g4 Rg7+ 75. Kh5 Re7 76. g5 1-0

[Event "Early-Titled-Tuesday-Blitz-March-05-2024"]
[Site "Chess.com"]
[Date "2024.03.05"]
[Round "5"]
[White "tarno17"]
[Black "Supergiuly"]
[Result "1-0"]
[WhiteElo "2164"]
[BlackElo "2341"]
[TimeControl "180+1"]
[EndTime "9:00:02 PST"]
[Termination "tarno17 won by resignation"]

1. e4 b6 2. d4 Bb7 3. Nc3 g6 4. Be3 Bg7 5. Qd2 e6 6. f4 Ne7 7. Nf3 O-O 8. Bd3 d5 9. O-O Nd7 10. f5 exf5 11. exf5 c5 12. fxg6 fxg6 13. Bh6 Nf5 14.
Bxg7 Kxg7 15. Ng5 Nxd4 16. Rxf8 Nxf8 17. Rf1 Qe7 18. Rf7+ Qxf7 19. Nxf7 Kxf7 20. Qf2+ Kg7 21. Qf4 Rd8 22. Bb5 Nfe6 23. Qe5+ Kg8 24. Be2 Re8 25. Bg4 Bc6 26. h3 b5 27. a3 b4 28. axb4 cxb4 29. Bxe6+ Rxe6 30. Qxd4 bxc3 31. Qxc3 Kf7 32. Qc5 Kg7 33.
Qxa7+ Kh6 34. Qd4 Re4 35. Qd2+ Kg7 36. b3 Kf7 37. Qf2+ Ke6 38. Qb6 Kd6 39. Qb8+ Kc5 40. Qf8+ Kb5 41. Qa3 Re1+ 42. Kf2 Re4 43. Qc1 Kc5 44.
c4 Kd6 45. cxd5 Bxd5 46. Qc3 Ke6 47. Qc8+ Ke5 48. Qe8+ Kd4 49. Qh8+ Kd3 50. Qb2 Rf4+ 51. Kg3 Rf5 52. Qb1+ Kd4 53. Qd1+ Kc5 54. Qd3 Kd6 55. b4 Kc6 56. b5+ Kb6 57. Kh2 Be6 58. Qd4+ Kxb5 59.
Qd6 Bd5 60. Qd7+ Kc4 61. Qc7+ Kd4 62. Qxh7 Ke4 63. Qxg6 Ke5 64. Qg3+ Rf4 65. h4 Kf5 66. Qg5+ Ke4 67. Qe7+ Kd4 68. Kh3 Re4 69. Qg7+ Kd3 70. g3 Re3 71. Qg6+ Be4 72. Qd6+ Ke2 73. Qb4 Kf2 74.
Qb2+ Re2 75. Qd4+ Re3 76. h5 Ke2 77. h6 Bf3 78. Kh4 Re4+ 79. Qxe4+ Bxe4 80. g4 Bh7 81. Kh5 Kf3 82. g5 Kf4 83. g6 Bxg6+ 84. Kxg6 1-0

[Event "Early-Titled-Tuesday-Blitz-March-05-2024"]
[Site "Chess.com"]
[Date "2024.03.05"]
[Round "5"]
[White "ARMQUEEN"]
[Black "Lady_Nika"]
[Result "0-1"]
[WhiteElo "2418"]
[BlackElo "2568"]
[TimeControl "180+1"]
[EndTime "9:00:21 PST"]
[Termination "Lady_Nika won on time"]

1. e4 b6 2. Nc3 Bb7 3. d4 e6 4. f4 d5 5. e5 Ne7 6. Nf3 c5 7. Be2 Nf5 8. Nb1 cxd4 9. Nxd4 Qh4+ 10. g3 Nxg3 11. Nf3 Qh3 12. Rg1 Nxe2 13. Qxe2 Ba6 14. Qf2 Bc5 15. Be3 Bxe3 16. Qxe3 O-O 17. Nbd2 Nd7 18.
O-O-O Rac8 19. Rg3 Qh6 20. Rdg1 g6 21. Ng5 Qg7 22.
Rh3 h6 23. Ngf3 Nc5 24. Nh4 Nd3+ 25. Kb1 Nb4 26. Qa3 Rxc2 27. Qxb4 Rfc8 28. Nb3 R2c4 29. Qd2 Kf8 30. Rhg3 Qh7 31. Nd4 g5+ 32. f5 gxh4 33. Rg8+ Ke7 34. R8g7 Rxd4 35. Qxd4 Qxf5+ 36. Ka1 Rc5 37. Qxh4+ Kd7 38. Qa4+ Bb5 39. Qxa7+ Rc7 40. Qxb6 Bc4 41.
Qd6+ Kc8 42. Rg8+ Kb7 43. Qb4+ Kc6 44. Rd8 Qxe5 45. Rb8 Qe3 46. Rd1 Kd7 47. Qa4+ Ke7 48. Qe8+ Kd6 49. Qd8+ Rd7 50. Qb6+ Qxb6 51. Rxb6+ Kc5 52.
Rb8 Ra7 53. a3 f5 54. b4+ Kd6 55. Kb2 Ke5 56. Re1+ Kf6 57. Rb6 d4 58. Rd6 Bd5 59. b5 Rc7 60. b6 Rb7 61. a4 Be4 62. a5 d3 63. a6 Rb8 64. Kc3 Rc8+ 65. Kd2 Rc2+ 66.
Ke3 Ke5 67. Rxe6+ Kxe6 68. b7 Rb2 69. Kd4 Rb4+ 70. Kc3 Rb6 71. Rxe4+ fxe4 72. a7 Rc6+ 73. Kd4 Rd6+ 74. Kxe4 d2 75. b8=Q d1=Q 76. Qe8+ Kf6 77. Qe5+ Kf7 78. a8=Q Qe2+ 79. Kf4 Qxh2+ 80. Kf5 Qh5+ 81. Ke4 Qh1+ 0-1

[Event "Early-Titled-Tuesday-Blitz-March-05-2024"]
[Site "Chess.com"]
[Date "2024.03.05"]
[Round "5"]
[White "nihalsarin"]
[Black "Eagle_2019"]
[Result "1/2-1/2"]
[WhiteElo "3182"]
[BlackElo "2874"]
[TimeControl "180+1"]
[EndTime "9:00:23 PST"]
[Termination "Game drawn - insufficient material"]

1. d4 d5 2. c4 e6 3. Nc3 Nf6 4.
Bg5 c6 5. e3 Nbd7 6. f4 Be7 7.
Nf3 O-O 8. Bd3 dxc4 9. Bxc4 b5 10. Bb3 b4 11. Ne2 c5 12. O-O Bb7 13. Rc1 Ne4 14.
d5 exd5 15. Bxd5 Bxd5 16. Qxd5 Nxg5 17. fxg5 Nb6 18. Qe4 c4 19. h4 Bc5 20. Ned4 Qe8 21. Ne5 Bd6 22. Ndc6 Nd7 23. Rf5 Nxe5 24. Nxe5 g6 25.
Qd4 Rd8 26. Ng4 Bh2+ 27. Kxh2 Rxd4 28. Nf6+ Kh8 29. Nxe8 Rxh4+ 30. Kg3 gxf5 31. Kxh4 Rxe8 32. Rxc4 a5 33. Rc5 Rxe3 34. Rxa5 Re2 35. b3 Rxg2 36.
Rxf5 Rxa2 37. Rxf7 Rh2+ 38. Kg4 Rb2 39. Rf3 Kg7 40.
Kf5 Rb1 41. Rd3 Rf1+ 42. Kg4 Rg1+ 43. Kf5 Rf1+ 44. Ke4 Kg6 45. Rg3 Rf5 46. Rd3 Rxg5 47.
Rd6+ Kh5 48. Kf4 Rg4+ 49. Kf3 Rg5 50. Rd4 Rf5+ 51. Kg3 Kg5 52. Rxb4 h5 53. Rd4 Re5 54. Kf3 Rf5+ 55. Kg3 Re5 56. Kf3 Rf5+ 57. Kg2 Re5 58. b4 Re2+ 59. Kf3 Rb2 60. Rd5+ Kg6 61. b5 Rb4 62. Kg3 h4+ 63. Kh3 Kf6 64. Rh5 Ke6 65. b6 Kd7 66. Rh6 Kc8 67. Rf6 Kb7 68. Rg6 Rxb6 69. Rg7+ Ka6 70. Kxh4 Rb7 71. Rg1 Rb4+ 72.
Kg5 Rb5+ 73. Kf6 Rb6+ 74. Ke7 Kb7 75. Kd7 Rb5 76. Kd6 Rb6+ 77. Kc5 Rc6+ 78. Kd5 Rb6 79. Rg7+ Ka6 80. Kc5 Rb5+ 81. Kc4 Rb6 82. Rg8 Rc6+ 83. Kd5 Rb6 84. Kc5 Rh6 85. Ra8+ Kb7 86. Rf8 Rh5+ 87. Kd6 Rh6+ 88. Kd7 Rh7+ 89. Ke6 Rh6+ 90. Ke5 Rh5+ 91. Rf5 Rxf5+ 92. Kxf5 1/2-1/2

[Event "Early-Titled-Tuesday-Blitz-March-05-2024"]
[Site "Chess.com"]
[Date "2024.03.05"]
[Round "5"]
[White "rhungaski"]
[Black "ploxoi"]
[Result "1-0"]
[WhiteElo "2597"]
[BlackElo "2447"]
[TimeControl "180+1"]
[EndTime "9:00:37 PST"]
[Termination "rhungaski won by resignation"]

1. e4 c5 2. Nf3 e6 3. d4 cxd4 4.
Nxd4 Nc6 5. Nb5 d6 6. c4 Nf6 7.
N1c3 a6 8. Na3 Be7 9. Be2 O-O 10. O-O Qc7 11. Bf4 Ne5 12. h3 b6 13. Re1 Bb7 14.
Bf1 Rac8 15. Rc1 Rfd8 16. Qd2 h6 17. Qe3 Ned7 18. Nab1 Qc5 19. Nd2 Nh5 20. Qxc5 dxc5 21. Bh2 Bg5 22. Rcd1 Ndf6 23. Nf3 Bf4 24. g3 Bc7 25. Bg2 Rxd1 26. Rxd1 Nxe4 27. Nxe4 Bxe4 28. Re1 Ba8 29. Ne5 Bxg2 30. Kxg2 Nf6 31. Nc6 Bd6 32. Ne5 Kf8 33. g4 Ke7 34. Re3 Ne8 35. Rb3 Bxe5 36. Bxe5 Rc6 37. Ra3 a5 38. Re3 f6 39. Bc3 Nd6 40.
b3 Rc8 41. f4 a4 42. h4 axb3 43. axb3 b5 44. g5 bxc4 45. gxf6+ gxf6 46. bxc4 Rg8+ 47. Kf3 Nxc4 48. Re1 Nd6 49. Ra1 Rd8 50. Ra7+ Rd7 51. Bxf6+ Ke8 52. Ra8+ Kf7 53. Be5 Nf5 54. Rh8 c4 55.
Rh7+ Ke8 56. Rh8+ Ke7 57. Rc8 Rd3+ 58. Ke2 Ng3+ 59. Kf2 Ne4+ 60. Ke2 Ng3+ 61. Kf2 c3 62. Rc7+ Kd8 63. Rc6 Kd7 64. Rc7+ Kd8 65. Rc6 Nf5 66. Rxe6 c2 67. Rc6 Rd2+ 68. Kf3 Rh2 69. Ke4 Kd7 70. Rc7+ Kd8 71. Kxf5 Re2 72. Rc4 Kd7 73. h5 Rd2 74.
Kg6 Ke6 75. Rc6+ Kd5 76. Rc8 Ke4 77. Kxh6 Kd3 78. Kg6 Rg2+ 79. Kf7 Rh2 80. Kg6 Rg2+ 81. Kf5 Rh2 82. Kg4 Kd2 83. f5 Rh1 84. Bf4+ Kd1 85. h6 Rg1+ 86. Kh5 Rf1 87. Kg5 Rg1+ 88. Kh4 Rf1 89. Kg4 Rg1+ 90. Kf3 Rf1+ 91. Ke4 Re1+ 92. Be3 Rh1 93. f6 Rf1 94. Bf4 Re1+ 95. Kf5 Rf1 96. h7 1-0

[Event "Early-Titled-Tuesday-Blitz-March-05-2024"]
[Site "Chess.com"]
[Date "2024.03.05"]
[Round "5"]
[White "Juwen"]
[Black "stollenmonster"]
[Result "1-0"]
[WhiteElo "2650"]
[BlackElo "2888"]
[TimeControl "180+1"]
[EndTime "9:00:40 PST"]
[Termination "Juwen won by resignation"]

1. d4 Nf6 2. c4 e6 3. Nc3 d5 4.
cxd5 Nxd5 5. e4 Nxc3 6. bxc3 b6 7. Nf3 Bb7 8. Bd3 Nd7 9. O-O Be7 10. Bf4 O-O 11.
Re1 c5 12. d5 exd5 13. exd5 Bf6 14. Rc1 c4 15. Bxc4 Rc8 16. Bd3 Bxc3 17. Re3 Nf6 18. Bf5 Nxd5 19. Bxc8 Qxc8 20. Be5 Nxe3 21. fxe3 Rd8 22.
Qe2 Bxf3 23. Qxf3 Bxe5 24. Rxc8 Rxc8 25. Qf5 Rc1+ 26. Kf2 Bf6 27. Qd7 g6 28. Qxa7 Rc2+ 29. Kf3 Rb2 30. a4 Kg7 31. Qb7 h5 32. h3 h4 33. Qc6 Rb4 34. Ke2 Rb2+ 35. Kd3 Rb4 36. e4 Rd4+ 37. Ke3 Rb4 38. Kf3 Rb3+ 39. Ke2 Rb2+ 40.
Kd3 Rb4 41. Qd6 Rb3+ 42. Kc4 Re3 43. Qxb6 Rxe4+ 44. Kb5 Re5+ 45. Kc4 Re2 46. a5 Rxg2 47. a6 Rc2+ 48. Kd3 Rc3+ 49. Ke2 Rxh3 50. a7 Ra3 51.
Qb7 Ra2+ 52. Kf3 Ra3+ 53. Kg2 Ra2+ 54. Kf1 Ra1+ 55. Ke2 Ra2+ 56. Kd3 Ra3+ 57. Kc2 Ra2+ 58. Kb1 Ra1+ 59. Kc2 Ra2+ 60. Kd3 Ra3+ 61. Kc4 Ra4+ 62. Kb5 Ra1 63. a8=Q Rxa8 64. Qxa8 Be5 65. Qe4 Kf6 66. Kc4 Ke6 67. Kd3 h3 68. Qg4+ f5 69. Qxh3 Kf6 70. Ke3 Kg5 71. Kf3 Kf6 72. Qg2 g5 73. Qe2 g4+ 74. Kg2 Bf4 75. Qd3 Be5 76. Qd5 Bf4 77.
Qc6+ Kg5 78. Qe8 Kf6 79. Qf8+ Ke6 80. Qg8+ Kf6 81. Qh7 Ke5 82. Qg6 Be3 83. Kg3 Bf4+ 84. Kf2 Ke4 85. Qe6+ Be5 86. Qc4+ Bd4+ 87. Kg3 Ke3 88.
Qd5 f4+ 89. Kxg4 Bc3 90. Qf3+ Kd2 91. Qxf4+ Kc2 92. Qf3 Kb3 93. Kf5 Kc4 94. Ke4 Kb4 95. Qd3 Bb2 96. Kd5 Ba3 97. Qc4+ Ka5 98. Kc6 1-0

[Event "Early-Titled-Tuesday-Blitz-March-05-2024"]
[Site "Chess.com"]
[Date "2024.03.05"]
[Round "5"]
[White "Massakru"]
[Black "klercaku"]
[Result "1/2-1/2"]
[WhiteElo "2378"]
[BlackElo "2191"]
[TimeControl "180+1"]
[EndTime "9:00:58 PST"]
[Termination "Game drawn by 50-move rule"]

1. e4 e5 2. Nf3 Nc6 3. Bb5 a6 4.
Ba4 Nf6 5. d4 b5 6. dxe5 Nxe4 7.
Bb3 Nc5 8. Bd5 Be7 9. O-O O-O 10.
Re1 Rb8 11. Nc3 h6 12. Ne4 Nb4 13. Nxc5 Bxc5 14. Bb3 Bb7 15. a3 Nc6 16. Be3 Bxe3 17. Rxe3 Qe7 18. Qe1 Na5 19. Ba2 Nc4 20. Bxc4 bxc4 21.
Rd1 Bxf3 22. Rxf3 Rxb2 23. Qc3 Rfb8 24. h3 Rb1 25. Rxb1 Rxb1+ 26. Kh2 d6 27. exd6 Qxd6+ 28. Rg3 g6 29. Qxc4 Kg7 30. Qc3+ Kh7 31. Qc4 Kg7 32. c3 c5 33. Qd3 Qxd3 34. Rxd3 Rb3 35. a4 Ra3 36.
Rd6 Rxa4 37. Rc6 Rc4 38. Rxa6 Rxc3 39. Rc6 Rc2 40. Kg3 c4 41. h4 h5 42. f3 Rc1 43. Kh2 c3 44. Kg3 c2 45. Kh2 Kh6 46. Kg3 Kg7 47. Kh2 Kf8 48. Kg3 Ke7 49. Kh2 Kd7 50.
Rc3 Kd6 51. Kg3 Kd5 52. Rc8 Kd4 53. Kh2 Kd3 54. Rd8+ Ke2 55. Re8+ Kf2 56. Rc8 f6 57. Rc6 g5 58. hxg5 fxg5 59. Rc5 g4 60. fxg4 hxg4 61.
Rf5+ Ke3 62. Rc5 Kd4 63. Rc8 Kd3 64. Rd8+ Ke2 65. Rc8 Kd3 66. Rd8+ Ke4 67. Rc8 Kd5 68. Kg3 Kd6 69. Kxg4 Kd7 70. Rc3 Kd6 71. g3 Kd5 72. Kg5 Kd4 73. Rc8 Kd5 74. g4 Kd6 75. Rc3 Kd5 76. Kg6 Rg1 77. Rxc2 Rxg4+ 78. Kf5 Rc4 79.
Rd2+ Rd4 80. Ra2 Rc4 81. Ra8 Rc6 82. Rd8+ Rd6 83. Ra8 Rc6 84. Kf4 Rc5 85. Ke3 Rc4 86. Kd3 Rd4+ 87. Kc3 Rc4+ 88. Kd2 Rd4+ 89. Ke3 Re4+ 90.
Kf3 Re5 91. Ra6 Re6 92. Ra5+ Kd6 93. Kf4 Ke7 94. Kf5 Rd6 95. Ke5 Rd7 96. Ra6 Rc7 97. Rb6 Rd7 98. Rh6 Kd8 99. Ke6 Kc7 100. Rh3 Rd6+ 101. Ke7 Rd7+ 102. Ke6 Rd6+ 103. Ke5 Rc6 104. Kd5 Rd6+ 105. Kc5 Rc6+ 106. Kb5 Rb6+ 107. Ka5 Rd6 108. Rh4 Rd5+ 109. Ka6 Rd6+ 110. Ka7 Kc6 111. Ka6 Kc5+ 112. Ka5 Kc6 113. Rh7 Rd5+ 114. Kb4 Rd4+ 115. Kc3 Rd6 116. Kc4 Rd7 117. Rh6+ Rd6 118. Rh1 Rd7 119. Rh2 Rd6 120. Ra2 Rd7 121. Ra6+ Kb7 122. Rh6 Rc7+ 123. Kb5 Rd7 124. Rh5 Kc7 125. Rg5 Kd6 126. Kc4 Ke7 127. Kc5 Kf6 1/2-1/2

[Event "Early-Titled-Tuesday-Blitz-March-05-2024"]
[Site "Chess.com"]
[Date "2024.03.05"]
[Round "5"]
[White "FlemingA"]
[Black "AldokhinIvan"]
[Result "0-1"]
[WhiteElo "2451"]
[BlackElo "2669"]
[TimeControl "180+1"]
[EndTime "9:01:33 PST"]
[Termination "AldokhinIvan won by checkmate"]

1. Nc3 Nf6 2. Nf3 Nc6 3. g3 d5 4. d3 d4 5. Ne4 Nxe4 6. dxe4 e5 7.
Bg2 Bc5 8. O-O O-O 9. a3 a5 10. Re1 Bg4 11. h3 Bh5 12. e3 Qf6 13. g4 Bg6 14. exd4 Nxd4 15. c3 Ne6 16. g5 Qe7 17.
Nxe5 Bxf2+ 18. Kxf2 Qc5+ 19. Be3 Qxe5 20. Qd5 f6 21.
Kg1 Rad8 22. Qc4 b5 23. Qb3 a4 24. Qa2 Kh8 25. gxf6 Rxf6 26. Rad1 Rdf8 27. Qd5 Qg3 28. Re2 Bf7 29. e5 Ng5 30. Qc5 Nxh3+ 31. Kh1 Bd5 32. Qxf8+ Rxf8 33. Rxd5 Nf4 34. Bxf4 Qxf4 35.
Kg1 Qc1+ 36. Kh2 Qh6+ 37. Kg1 Qe6 38. Rd4 h6 39. Rde4 Rd8 40. R4e3 c6 41. Re1 Rd2 42.
R3e2 Rd3 43. Re3 Rd7 44. Rf1 Rd8 45. Ref3 Re8 46. Re3 Qe7 47. Rfe1 Qc5 48. Kh1 g6 49. e6 Re7 50. Re5 Qd6 51. Kg1 Kg7 52. R5e3 h5 53. Re5 Qd2 54. R1e2 Qf4 55. R5e4 Qc1+ 56.
Kh2 Qg5 57. Re5 Qf4+ 58. Kg1 Kf6 59. R5e4 Qc1+ 60. Kh2 Kg7 61. Re5 Qf4+ 62. Kg1 h4 63. R5e4 Qf6 64. Rf2 Qg5 65. Rf3 Qd5 66. Rfe3 Qc5 67. Kh2 Qg5 68. Kg1 Qd5 69. Kh2 Qd6+ 70.
Kg1 Kf6 71. Rxh4 Rxe6 72. Rf3+ Kg7 73. Rhf4 Re7 74. Rf2 Qc5 75. Kh2 Qe5 76. Kg1 Qg5 77.
Kh2 Qe5 78. Kg1 Qd6 79. R4f3 Rd7 80. Rf4 Qe7 81. R4f3 Qd6 82. Rf4 Qe5 83. R4f3 Qe1+ 84. Kh2 Qe5+ 85. Kg1 Rd1+ 86. Rf1 Rxf1+ 87. Rxf1 Qc5+ 88.
Kh2 Qe5+ 89. Kg1 Qe3+ 90. Rf2 c5 91. Kf1 Qc1+ 92. Ke2 Qxb2+ 93. Kf3 Qxc3+ 94. Ke4 Qd4+ 95. Kf3 b4 96. axb4 cxb4 97. Re2 a3 98. Re7+ Kf6 99. Re4 Qd3+ 100. Kf4 Qxe4+ 101. Bxe4 a2 102. Kg4 a1=Q 103. Kh3 Qd4 104. Bg2 Qe3+ 105. Kh2 b3 106. Kh1 b2 107. Kh2 Qf4+ 108. Kh3 b1=Q 109. Be4 Qbf1+ 110. Bg2 Q4f3+ 111. Kh4 Q1f2# 0-1

[Event "Early-Titled-Tuesday-Blitz-March-05-2024"]
[Site "Chess.com"]
[Date "2024.03.05"]
[Round "6"]
[White "abc_xyz4744"]
[Black "volodja49"]
[Result "0-1"]
[WhiteElo "2426"]
[BlackElo "2603"]
[TimeControl "180+1"]
[EndTime "9:02:41 PST"]
[Termination "volodja49 won by resignation"]

1. e4 e6 2. d4 d5 3. Nc3 dxe4 4. Nxe4 Nd7 5. Nf3 Ngf6 6. Bd3 c5 7. O-O cxd4 8. Nxd4 Nxe4 9. Bxe4 Be7 10. Bg5 Bxg5 0-1

[Event "Early-Titled-Tuesday-Blitz-March-05-2024"]
[Site "Chess.com"]
[Date "2024.03.05"]
[Round "6"]
[White "LiadCuba"]
[Black "alvarorodriguezavila"]
[Result "1-0"]
[WhiteElo "2515"]
[BlackElo "2341"]
[TimeControl "180+1"]
[EndTime "9:04:37 PST"]
[Termination "LiadCuba won by resignation"]

1. d4 Nf6 2. c4 Nc6 3. d5 Ne5 4. e3 e6 5. Nc3 Bb4 6. Bd2 O-O 7. a3 Bxc3 8. Bxc3 d6 9. Bxe5 dxe5 10. Nf3 exd5 11. Nxe5 Qe7 12. Nf3 dxc4 13. Bxc4 Rd8 14.
Qc2 Bg4 15. Ng5 Bh5 16. O-O h6 17. Nh3 Bg6 18. Qxg6 1-0

[Event "Early-Titled-Tuesday-Blitz-March-05-2024"]
[Site "Chess.com"]
[Date "2024.03.05"]
[Round "6"]
[White "guillembaches"]
[Black "Hurghada"]
[Result "1-0"]
[WhiteElo "2528"]
[BlackElo "2383"]
[TimeControl "180+1"]
[EndTime "9:04:42 PST"]
[Termination "guillembaches won by resignation"]

1. Nf3 d5 2. d4 e6 3. Bg5 Be7 4.
Bxe7 Qxe7 5. Nbd2 Nf6 6. e3 Nbd7 7. Bd3 c6 8. O-O O-O 9. Ne5 Nxe5 10. dxe5 Nd7 11.
f4 f6 12. exf6 Nxf6 13. Nf3 Nd7 14. c4 Nc5 15. Ne5 Nd7 16. Qh5 Nf6 17. Qh4 g6 18.
Rf3 Nd7 19. Qxe7 1-0

[Event "Early-Titled-Tuesday-Blitz-March-05-2024"]
[Site "Chess.com"]
[Date "2024.03.05"]
[Round "6"]
[White "banane_verte"]
[Black "Shivananda1964"]
[Result "0-1"]
[WhiteElo "2493"]
[BlackElo "2353"]
[TimeControl "180+1"]
[EndTime "9:04:42 PST"]
[Termination "Shivananda1964 won by resignation"]

1. e4 Nc6 2. d4 e5 3. dxe5 Nxe5 4.
Nf3 Qf6 5. Nxe5 Qxe5 6. Qd5 Qxd5 7.
exd5 Bc5 8. Bd3 Nf6 9. Nc3 O-O 10. O-O d6 11. Bg5 Ng4 12. Ne4 Bb6 13. c4 h6 14. Bh4 f5 15. Nc3 g5 16. Bg3 f4 17. h3 Ne5 18. c5 Bxc5 0-1

[Event "Early-Titled-Tuesday-Blitz-March-05-2024"]
[Site "Chess.com"]
[Date "2024.03.05"]
[Round "6"]
[White "Bekkedahl"]
[Black "diamonds13"]
[Result "1-0"]
[WhiteElo "2202"]
[BlackElo "2337"]
[TimeControl "180+1"]
[EndTime "9:04:58 PST"]
[Termination "Bekkedahl won by resignation"]

1. e4 c5 2. Nf3 e6 3. g3 Nc6 4.
Bg2 d5 5. exd5 exd5 6. O-O Nf6 7.
Re1+ Be7 8. b3 Bg4 9. h3 Bh5 10. Bb2 O-O 11. d3 Qd7 12. Nc3 d4 13. Ne4 Ne5 14.
Nxe5 Qf5 15. Nxf6+ Bxf6 16. g4 Qf4 17. Nd7 Bh4 18.
Nxf8 Bxf2+ 19. Kh1 Bxe1 20. Qxe1 Bxg4 21. hxg4 Rxf8 22. Qe4 Qg3 23. Rf1 Qh4+ 24. Kg1 b6 25.
Bc1 1-0

[Event "Early-Titled-Tuesday-Blitz-March-05-2024"]
[Site "Chess.com"]
[Date "2024.03.05"]
[Round "6"]
[White "campochess"]
[Black "MeesvanOsch"]
[Result "0-1"]
[WhiteElo "2212"]
[BlackElo "2382"]
[TimeControl "180+1"]
[EndTime "9:05:02 PST"]
[Termination "MeesvanOsch won by checkmate"]

1. e4 e6 2. Qe2 c5 3. Nf3 b6 4. b3 Bb7 5. Bb2 Nf6 6. Nc3 Nc6 7.
d3 Nd4 8. Nxd4 cxd4 9. Nd1 e5 10. f4 Bb4+ 11. Kf2 exf4 12. Bxd4 O-O 13. Qf3 d5 14. e5 Nd7 15. Qxf4 Rc8 16. Ne3 Nc5 17. Nf5 Ne6 18. Qg3 Rxc2+ 19. Kg1 g6 20. Nh6+ Kh8 21. Qe3 Nxd4 22. Rc1 Rxc1 23. Qxc1 Bc5 24. b4 Ne2# 0-1

[Event "Early-Titled-Tuesday-Blitz-March-05-2024"]
[Site "Chess.com"]
[Date "2024.03.05"]
[Round "6"]
[White "thesupera12"]
[Black "Evgeny81"]
[Result "0-1"]
[WhiteElo "2489"]
[BlackElo "2776"]
[TimeControl "180+1"]
[EndTime "9:05:20 PST"]
[Termination "Evgeny81 won by resignation"]

1. d4 c5 2. Nf3 cxd4 3. Nxd4 g6 4.
g3 Bg7 5. Bg2 Nc6 6. Nxc6 bxc6 7. O-O Rb8 8. c3 Nf6 9. Qc2 O-O 10. Bf4 d6 11. Nd2 h6 12. Nb3 Qb6 13. Rab1 a5 14.
e4 a4 15. Nd2 Ba6 16. Rfe1 Ng4 17. Nf1 Bd3 18. Qxd3 Qxf2+ 19. Kh1 Qxe1 20. Rxe1 Nf2+ 21.
Kg1 Nxd3 22. Rd1 Nxf4 23. gxf4 Rxb2 24. e5 dxe5 25. Bxc6 a3 26. fxe5 Bxe5 27. Bd5 e6 28. Bb3 Rxb3 29. axb3 Bxc3 0-1

[Event "Early-Titled-Tuesday-Blitz-March-05-2024"]
[Site "Chess.com"]
[Date "2024.03.05"]
[Round "6"]
[White "Capiberibe"]
[Black "GAusal"]
[Result "1-0"]
[WhiteElo "2019"]
[BlackElo "2292"]
[TimeControl "180+1"]
[EndTime "9:05:22 PST"]
[Termination "Capiberibe won by resignation"]

1. e4 c5 2. Nf3 e6 3. d4 cxd4 4. Nxd4 a6 5. Nc3 Nc6 6. Be3 Bb4 7. Be2 Nf6 8. O-O Bxc3 9. bxc3 Nxe4 10. Bd3 Nf6 11.
Re1 O-O 12. Bg5 h6 13. Bh4 d6 14. Re3 e5 15. Nf5 Bxf5 16. Bxf5 Na5 17. Rf3 Nc4 18. Bxf6 gxf6 19. Rg3+ Kh8 20. Qh5 1-0